 Dungeon Crawl Stone Soup version 0.25.1-4-g9407a263a5 (webtiles) character file.

Game seed: 7580540563922678617

65 H0rd4k the Magician (level 3, -1/19 HPs)
             Began as a Deep Elf Wizard on Nov 25, 2020.
             Slain by an orc
             ... wielding a +0 hand axe
              (2 damage)
             ... on level 3 of the Dungeon.
             The game lasted 00:04:05 (2432 turns).

H0rd4k the Magician (Deep Elf Wizard)               Turns: 2432, Time: 00:04:05

Health: -1/19      AC:  2    Str:  4    XL:     3   Next: 92%
Magic:  0/12       EV: 13    Int: 23    God:
Gold:   98         SH:  0    Dex: 13    Spells: 5/14 levels left

rFire    . . .     SeeInvis .   (no weapon)
rCold    . . .     Gourm    .   (no shield)
rNeg     . . .     Faith    .   a - +0 robe
rPois    .         Spirit   +   b - +0 hat
rElec    .         Reflect  .   (no cloak)
rCorr    .         Harm     .   (no gloves)
MR       .....                  (no boots)
Stlth    ++........             o - amulet of guardian spirit
HPRegen  0.06/turn              (no ring)
MPRegen  0.13/turn              (no ring)

@: no status effects
A: no striking features
a: no special abilities


You were on level 3 of the Dungeon.
You were not hungry.

You visited 1 branch of the dungeon, and saw 3 of its levels.

You collected 98 gold pieces.

Inventory:

Armour
 a - a +0 robe (worn)
 b - a +0 hat (worn)
Jewellery
 o - an amulet of guardian spirit (around neck)
Scrolls
 c - 4 scrolls of identify {unknown}
 f - 3 scrolls of teleportation
 g - a scroll of magic mapping
 i - 3 scrolls of remove curse {unknown}
 l - 2 scrolls of immolation {unknown}
 m - a scroll of enchant armour {unknown}
Potions
 e - a potion of curing {unknown}
 h - a potion of brilliance {unknown}
 j - 4 potions of degeneration {unknown}
 k - a potion of mutation {unknown}
 n - a potion of might {unknown}
Comestibles
 d - a ration


   Skills:
 + Level 2.7 Dodging
 + Level 2.6 Stealth
 + Level 6.0 Spellcasting
 + Level 1.5 Conjurations
   Level 1.1 Summonings
 + Level 1.1 Translocations
 * Level 0.4 Fire Magic
 * Level 0.3 Air Magic
 * Level 0.5 Poison Magic


You had 5 spell levels left.
You knew the following spells:

 Your Spells              Type           Power        Failure   Level  Hunger
a - Magic Dart            Conj           ##..         4%          1    None
b - Blink                 Tloc           N/A          9%          2    None
c - Conjure Flame         Conj/Fire      ##......     17%         3    #......
d - Mephitic Cloud        Conj/Pois/Air  ##......     19%         3    #......

Your spell library contained the following spells:

 Spells                   Type           Power        Failure   Level  Hunger
 Call Imp                 Summ           ##......     9%          2    None
 Slow                     Hex            #.......     13%         2    None


Dungeon Overview and Level Annotations

Branches:
Dungeon (3/15)

Altars:
Vehumet
Zin

Shops:
D:2 *

Annotations:
D:3 Grinder


Message History

The jackal bites you but does no damage.
The jackal closely misses you.
Casting: Magic Dart (safe; 4% risk of failure)
Confirm with . or Enter, or press ? or * to list all spells.
Aiming: Magic Dart (safe; 4% risk of failure)
Press: ? - help, Shift-Dir - straight line, f/p - jackal
Aim: a jackal (severely wounded)
The magic dart hits the jackal.
You kill the jackal!
Found a stone staircase leading down.
A quokka comes into view.
Grinder blinks!
Grinder hits you.
You writhe in agony.
* * * LOW HITPOINT WARNING * * *
Grinder gestures at you.
You barely resist.
Grinder blinks!
You hear the brisk rusting of a distant drain.
The orc hits you with a +0 hand axe.
You die...

####?...##..##.#........,......,,
Sbb...#,.......#.###.####......**
####.##**#.......###.# #.....,,*
.o...#####......5....# #...#****
####.<.......###.##### #...#
#**#.######..# #.# #...######
.,*#.#***##..###.# #....)....
#.*...,,*#......g#######....###..
....$.,,*#.....o@#..........?...)
..#....,*#.##....................
###....,*#.##..#.#...........$...
#..,,,*#K......#####.#.....##..
****#,*#.......# #.#.........
#.##.##..#.# #.#...#.####
#........#.# #.#...#.#
******####.##.##.#####.#...#.#
,,,,,,* #.##.##.#...........#


You could see Grinder, an orc and a hobgoblin.

Vanquished Creatures
  An orc priest (D:3)
  A dart slug (D:1)
  A leopard gecko (D:1)
  2 orcs
  2 giant cockroaches
  6 hobgoblins
  A jackal (D:3)
  A quokka (D:2)
  A ball python (D:1)
  4 bats
  2 frilled lizards
  2 goblins (D:1)
  4 kobolds
  4 rats
32 creatures vanquished.

Vanquished Creatures (others)
  2 jackals (D:3)
2 creatures vanquished.

Grand Total: 34 creatures vanquished

Notes
Turn   | Place    | Note
-------+----------+-------------------------------------------
     0 | D:1      | H0rd4k the Deep Elf Wizard began the quest for the Orb.
     0 | D:1      | Reached XP level 1. HP: 10/10 MP: 7/7
   379 | D:1      | Reached skill level 5 in Spellcasting
   379 | D:1      | Reached XP level 2. HP: 15/15 MP: 6/10
  1159 | D:2      | Found Zin's Purification Station.
  1160 | D:2      | Found a glowing silver altar of Zin.
  2147 | D:3      | Reached XP level 3. HP: 19/19 MP: 9/12
  2151 | D:3      | Learned a level 2 spell: Blink
  2163 | D:3      | Learned a level 3 spell: Conjure Flame
  2167 | D:3      | Learned a level 3 spell: Mephitic Cloud
  2307 | D:3      | Reached skill level 6 in Spellcasting
  2404 | D:3      | Found a radiant altar of Vehumet.
  2404 | D:3      | Noticed Grinder
  2432 | D:3      | Slain by an orc

Illustrated notes

Levels and vault maps discovered:
D:1:      matt_arrival_debris, layout_basic, feat_on_display
D:2:      layout_basic, zin_purify, small_statue_intersection
D:3:      layout_loops_cross, fiery_altar_vehumet, lightli_sewer_entry_pipes,
          chequers_big_river, uniq_grinder

Skill      XL: |  1  2  3 |
---------------+----------+-----
Spellcasting   | 5 6 |  6.0
Dodging        | |  2.7
Stealth        | |  2.6
Conjurations   | |  1.5
Summonings     | |  1.1
Translocations | |  1.1
Fire Magic     | |  0.4
Air Magic      | |  0.3
Poison Magic   | |  0.5

Action                   || total
-------------------------++-------
Melee: Unarmed           ||     1
 Cast: Magic Dart        ||   101
  Use: Scroll            ||     2
  Eat: Chunk             ||     2
       Ration            ||     1
Armor: Robe              ||    24
Dodge: Dodged            ||    67
